[Event "Late-Titled-Tuesday-Blitz-January-23-2024"]
[Site "Chess.com"]
[Date "2024.01.23"]
[Round "4"]
[White "stoleriu"]
[Black "Cluke86"]
[Result "1-0"]
[WhiteElo "2569"]
[BlackElo "2264"]
[TimeControl "180+1"]
[EndTime "14:34:56 PST"]
[Termination "stoleriu won by resignation"]

1. e4 e6 2. d4 d5 3. Nc3 Nf6 4. e5 Nfd7 5. f4 c5 6. Nf3 Nc6 7. Be3 Be7 8. Qd2 O-O 9. g3 Qa5 10. Bg2 cxd4 11. Nxd4 Nxd4 12. Bxd4 Bc5 13. O-O Bxd4+ 14.
Qxd4 Nb8 15. Kh1 Nc6 16. Qd2 Bd7 17. Rad1 Rac8 18. a3 Rfd8 19. Qe2 a6 20. f5 d4 21. Ne4 exf5 22. Nd6 Qc5 23. Nxb7 Qb6 24. Nxd8 Rxd8 25. b4 Be6 26. Rd2 Ne7 27. Rfd1 h6 28.
c3 Nc6 29. cxd4 Rxd4 30. Rxd4 Nxd4 31. Qf2 1-0

[Event "Late-Titled-Tuesday-Blitz-January-23-2024"]
[Site "Chess.com"]
[Date "2024.01.23"]
[Round "4"]
[White "rikchessmx"]
[Black "only_strong_moves"]
[Result "1-0"]
[WhiteElo "2391"]
[BlackElo "2525"]
[TimeControl "180+1"]
[EndTime "14:35:05 PST"]
[Termination "rikchessmx won by resignation"]

1. e4 e6 2. d4 d5 3. Nc3 Bb4 4. e5 c5 5. a3 Bxc3+ 6. bxc3 Ne7 7.
Qg4 Qc7 8. Qxg7 Rg8 9. Qxh7 Nbc6 10. Ne2 cxd4 11. f4 dxc3 12. Qd3 Bd7 13. h3 O-O-O 14. Qxc3 d4 15. Qd3 Be8 16. Bd2 f6 17. exf6 Nd5 18.
g4 Bg6 19. Qc4 Nb6 20. Qxe6+ Kb8 21. f5 Rge8 22. Bf4 Ne5 23. Bxe5 Qxe5 24. Qxe5+ Rxe5 25. fxg6 1-0

[Event "Late-Titled-Tuesday-Blitz-January-23-2024"]
[Site "Chess.com"]
[Date "2024.01.23"]
[Round "4"]
[White "DvaHrasta"]
[Black "hsd2016"]
[Result "1-0"]
[WhiteElo "2483"]
[BlackElo "2286"]
[TimeControl "180+1"]
[EndTime "14:35:05 PST"]
[Termination "DvaHrasta won by resignation"]

1. c4 c6 2. e4 d5 3. exd5 cxd5 4. cxd5 Qxd5 5. Nc3 Qd8 6. d4 Nf6 7. d5 g6 8. Be2 Bg7 9. h4 O-O 10. h5 b6 11. hxg6 fxg6 12. Bh6 Bb7 13. Qd2 Nbd7 14. Nf3 Nc5 15. Bxg7 Kxg7 16. b4 Ncd7 17. Ng5 Qc8 18. Ne6+ Kg8 19. Rc1 Rf7 20. Ng5 Rf8 21. Qe3 Qe8 22. Ne6 Nxd5 23. Nxd5 Bxd5 24. Nc7 Qf7 25. Nxd5 1-0

[Event "Late-Titled-Tuesday-Blitz-January-23-2024"]
[Site "Chess.com"]
[Date "2024.01.23"]
[Round "4"]
[White "AlexPapasimakopoulos"]
[Black "crazyluzhinTh3"]
[Result "1-0"]
[WhiteElo "2755"]
[BlackElo "2544"]
[TimeControl "180+1"]
[EndTime "14:35:06 PST"]
[Termination "AlexPapasimakopoulos won by resignation"]

1. d4 d6 2. c4 e5 3. Nf3 Nd7 4. Nc3 Ngf6 5. Bg5 h6 6. Bh4 c6 7. e3 Be7 8. Be2 O-O 9. O-O Re8 10. Qc2 Qc7 11. dxe5 dxe5 12. Nd2 Nf8 13. a3 Ng6 14. Bg3 Bg4 15. Bd3 Nf8 16. h3 Be6 17. b4 a6 18.
c5 Rad8 19. Nc4 Bxc4 20. Bxc4 Rd7 21. Rad1 Red8 22. Qb3 Kh8 23. Bxf7 Rxd1 24. Rxd1 Rxd1+ 25. Nxd1 Ne4 26. Bh2 Qd8 27. Bxe5 Qd2 28. f3 Ng5 29. Bc3 Qe2 30. Bc4 Nxh3+ 31. Kh2 1-0

[Event "Late-Titled-Tuesday-Blitz-January-23-2024"]
[Site "Chess.com"]
[Date "2024.01.23"]
[Round "4"]
[White "Hirna2005"]
[Black "CaspiIsrael"]
[Result "0-1"]
[WhiteElo "2289"]
[BlackElo "2672"]
[TimeControl "180+1"]
[EndTime "14:35:06 PST"]
[Termination "CaspiIsrael won by resignation"]

1. e4 d5 2. exd5 Qxd5 3. Nf3 Bg4 4. Be2 Nc6 5. Nc3 Qd7 6. h3 Bxf3 7. Bxf3 O-O-O 8.
O-O e5 9. d3 Nd4 10. Bd5 Bc5 11. Be3 Ne7 12. Bc4 Nef5 13. Kh1 Kb8 14. Ne2 Nxe3 15.
fxe3 Nf5 16. Qe1 f6 17. d4 Nxe3 18. dxc5 Nxc4 19. Qb4 Ne3 20. Rf3 Nxc2 21. Qa5 Nxa1 22. Ra3 a6 23. Nc3 Nc2 24. Rb3 Nd4 0-1

[Event "Late-Titled-Tuesday-Blitz-January-23-2024"]
[Site "Chess.com"]
[Date "2024.01.23"]
[Round "4"]
[White "RantomOpening"]
[Black "Piotrek1979"]
[Result "1-0"]
[WhiteElo "2542"]
[BlackElo "2390"]
[TimeControl "180+1"]
[EndTime "14:35:12 PST"]
[Termination "RantomOpening won by resignation"]

1. e4 c5 2. c3 Nf6 3. e5 Nd5 4. Nf3 e6 5. d4 cxd4 6. cxd4 b6 7.
Bc4 Ba6 8. Bxa6 Nxa6 9. O-O Be7 10. Nbd2 Nab4 11. a3 Nc6 12. Nc4 b5 13. Ne3 Nxe3 14. Bxe3 d5 15. Rc1 Qd7 16. b4 O-O 17. Nd2 a5 18. a4 Nxb4 19. axb5 Qxb5 20. Nb3 Rfc8 21. Qd2 Qd3 22. Qxd3 Nxd3 23. Rxc8+ Rxc8 24. Nxa5 h5 25. Rd1 Kh7 26. Rxd3 Ra8 27. Nb3 Ra2 28. g3 g5 29. Nc5 g4 30. Kg2 Kg6 31. h3 Kf5 32. hxg4+ hxg4 33. Rb3 Rc2 34. Rb7 Bxc5 35. Rxf7+ Ke4 36.
dxc5 Kxe5 37. Rf4 1-0

[Event "Late-Titled-Tuesday-Blitz-January-23-2024"]
[Site "Chess.com"]
[Date "2024.01.23"]
[Round "4"]
[White "GrotBchess"]
[Black "OneTrickPony_82"]
[Result "0-1"]
[WhiteElo "2302"]
[BlackElo "2492"]
[TimeControl "180+1"]
[EndTime "14:35:23 PST"]
[Termination "OneTrickPony_82 won by resignation"]

1. e4 e5 2. Nf3 Nc6 3. Bb5 a6 4. Ba4 Nf6 5. O-O Be7 6. Re1 b5 7. Bb3 O-O 8. h3 Na5 9. Nxe5 Nxb3 10.
axb3 Bb7 11. d3 d5 12. exd5 Qxd5 13. Qf3 Bd6 14. Qxd5 Nxd5 15. Nc3 Nb4 16. Re2 Nxc2 17. Rxc2 Bxe5 18. Be3 Rfd8 19. Rd1 h6 20. d4 Bf6 21. Ne2 Rac8 22. Rdc1 Bd5 23. Rxc7 Rxc7 24. Rxc7 Bxb3 25. Ra7 Bc4 26. Kf1 Bxd4 27. Bxd4 Rxd4 28. Ke1 Re4 29. Rxa6 Rxe2+ 30. Kd1 Rxb2 31.
g4 Rxf2 32. Ke1 Rh2 33. Kd1 b4 34. Kc1 Bxa6 35. Kb1 b3 36. Kc1 b2+ 37. Kb1 0-1

[Event "Late-Titled-Tuesday-Blitz-January-23-2024"]
[Site "Chess.com"]
[Date "2024.01.23"]
[Round "4"]
[White "ClayK1ng"]
[Black "AndreyNeves"]
[Result "1-0"]
[WhiteElo "2260"]
[BlackElo "2020"]
[TimeControl "180+1"]
[EndTime "14:35:24 PST"]
[Termination "ClayK1ng won by resignation"]

1. e4 c6 2. Nf3 d5 3. d3 dxe4 4. dxe4 Qxd1+ 5. Kxd1 Bg4 6. Be2 Nd7 7. Ne1 Bxe2+ 8. Kxe2 e5 9. Nd3 Ngf6 10. f3 O-O-O 11. a4 Kc7 12. a5 Bd6 13. Be3 Kb8 14. Nd2 Rhe8 15. Nc4 Bc7 16. b4 a6 17. Nb6 Nxb6 18. axb6 Bd6 19. c4 Nh5 20. g3 f5 21. c5 Bf8 22. exf5 e4 23. Nf4 Nxf4+ 24. Bxf4+ Kc8 25. Rad1 Rd5 26. Rxd5 cxd5 27. Rd1 exf3+ 28. Kxf3 Re4 29. Rxd5 Rxb4 30. Bg5 Rb3+ 31. Kg4 Rb4+ 32. Kh3 1-0

[Event "Late-Titled-Tuesday-Blitz-January-23-2024"]
[Site "Chess.com"]
[Date "2024.01.23"]
[Round "4"]
[White "rionelG"]
[Black "AungTZ"]
[Result "1-0"]
[WhiteElo "2270"]
[BlackElo "2094"]
[TimeControl "180+1"]
[EndTime "14:35:35 PST"]
[Termination "rionelG won by resignation"]

1. e4 c5 2. Nf3 Nc6 3. d4 cxd4 4. Nxd4 Nf6 5. Nc3 d6 6. Nd5 e6 7. Nxf6+ Qxf6 8. Nb5 Qd8 9. Bf4 e5 10. Be3 Be6 11. Be2 Be7 12. O-O O-O 13. c4 Qd7 14. Rc1 Rfd8 15. Nc3 Rac8 16. b3 Qe8 17. Qd2 f5 18. exf5 Bxf5 19. Bf3 a6 20. Nd5 Kh8 21. Nb6 Rb8 22. Bd5 Bf6 23. Rfe1 Nd4 24. Bxd4 exd4 25.
Rxe8+ Rxe8 1-0

[Event "Late-Titled-Tuesday-Blitz-January-23-2024"]
[Site "Chess.com"]
[Date "2024.01.23"]
[Round "4"]
[White "Hrant_ChessMood"]
[Black "crazy_but_lazy"]
[Result "1-0"]
[WhiteElo "2912"]
[BlackElo "2609"]
[TimeControl "180+1"]
[EndTime "14:35:44 PST"]
[Termination "Hrant_ChessMood won by resignation"]

1. c4 e5 2. g3 d5 3. cxd5 Qxd5 4. Nf3 Nc6 5. Nc3 Qd8 6. d3 h6 7. Bg2 Nf6 8. O-O Bd6 9. a3 O-O 10. b4 Be6 11. Bb2 Qd7 12. Rc1 Bh3 13. Ne4 Nxe4 14.
dxe4 Bxg2 15. Kxg2 Qe7 16. Qb3 a5 17. b5 Nd8 18. a4 b6 19. Rfd1 Nb7 20. Rc4 Nc5 21.
Qc2 Rad8 22. Rd5 Qe6 23. Bxe5 Bxe5 24. Rxe5 Qg6 25. Rexc5 bxc5 26. Rxc5 Rd7 27. Ne5 Qe6 28. Nxd7 Qxd7 29. Rxc7 Qd4 30. e3 Qb4 31. Qc4 Qb1 32.
e5 1-0

[Event "Late-Titled-Tuesday-Blitz-January-23-2024"]
[Site "Chess.com"]
[Date "2024.01.23"]
[Round "4"]
[White "rynos0411"]
[Black "Roedor"]
[Result "0-1"]
[WhiteElo "2488"]
[BlackElo "2336"]
[TimeControl "180+1"]
[EndTime "14:35:45 PST"]
[Termination "Roedor won by resignation"]

1. e4 e5 2. Bc4 Nc6 3. d3 Nf6 4. Nf3 Bc5 5. c3 d6 6. O-O O-O 7. a4 a5 8. Nbd2 Ba7 9. Re1 Ng4 10. Re2 Kh8 11. Nf1 f5 12. exf5 Bxf5 13. Ng3 Bd7 14. h3 Nh6 15. Bxh6 gxh6 16. Qd2 Qf6 17. Nh2 Qg7 18. Nhf1 Ne7 19. d4 Nf5 20. Nxf5 Rxf5 21. dxe5 Rg5 22. Ne3 Bxh3 23. Bd5 Rg8 24. Kf1 Bxg2+ 25.
Ke1 Bxd5 26. Qxd5 Rg1+ 27. Nf1 Rxf1+ 0-1

[Event "Late-Titled-Tuesday-Blitz-January-23-2024"]
[Site "Chess.com"]
[Date "2024.01.23"]
[Round "4"]
[White "IsaqueGoncalvesSanto"]
[Black "IndianSchoolOfSuffering"]
[Result "0-1"]
[WhiteElo "1792"]
[BlackElo "2438"]
[TimeControl "180+1"]
[EndTime "14:35:48 PST"]
[Termination "IndianSchoolOfSuffering won by resignation"]

1. d4 Nf6 2. c4 g6 3. Nc3 d5 4. cxd5 Nxd5 5. e4 Nxc3 6. bxc3 Bg7 7. Bc4 c5 8. Ne2 O-O 9. O-O Nc6 10. Be3 Bg4 11. f3 Bd7 12. dxc5 Qc7 13. Rb1 Rfd8 14. Qc1 Ne5 15. Bb3 Bb5 16. c4 Ba6 17. Rd1 Nd3 18.
Qa3 Rac8 19. Rd2 Ne5 20. Rxd8+ Rxd8 21. Bd4 Nxf3+ 22. gxf3 Bxd4+ 23. Nxd4 Rxd4 24. Qb4 Qf4 25. Kg2 Rd2+ 0-1

[Event "Late-Titled-Tuesday-Blitz-January-23-2024"]
[Site "Chess.com"]
[Date "2024.01.23"]
[Round "4"]
[White "MokshanovAlexey"]
[Black "Angry_Twin"]
[Result "0-1"]
[WhiteElo "2638"]
[BlackElo "2991"]
[TimeControl "180+1"]
[EndTime "14:35:56 PST"]
[Termination "Angry_Twin won by checkmate"]

1. e4 c5 2. Nf3 d6 3. Bb5+ Nd7 4. c4 g6 5. O-O Bg7 6. Nc3 a6 7. Bxd7+ Bxd7 8. d3 Nf6 9. h3 O-O 10. Be3 b5 11.
Qd2 b4 12. Nd5 Nxd5 13. exd5 e6 14. dxe6 Bxe6 15. Bh6 Qf6 16. Bxg7 Kxg7 17. Ng5 Bf5 18. a3 a5 19. g4 Bxd3 20. Qxd3 Qxg5 21. Qxd6 Rad8 22.
Qc7 Rd4 23. axb4 axb4 24. Rac1 h5 25. f4 Qh4 26. Rf3 hxg4 27. Qxc5 Rfd8 28. Re3 Rd1+ 29. Rxd1 Rxd1+ 30. Kg2 Rd2+ 31. Kh1 Qf2 32. Qf5 Qh2# 0-1

[Event "Late-Titled-Tuesday-Blitz-January-23-2024"]
[Site "Chess.com"]
[Date "2024.01.23"]
[Round "4"]
[White "skoularikii"]
[Black "Rikikits"]
[Result "0-1"]
[WhiteElo "2567"]
[BlackElo "2828"]
[TimeControl "180+1"]
[EndTime "14:36:00 PST"]
[Termination "Rikikits won by resignation"]

1. e4 c6 2. d4 d5 3. e5 Bf5 4. Nf3 e6 5. Nbd2 Nd7 6. Be2 h6 7. O-O Ne7 8. a4 Bh7 9. a5 a6 10. Nb3 Ng6 11. Bd3 Be7 12. g3 O-O 13. h4 c5 14.
dxc5 Ngxe5 15. Bxh7+ Kxh7 16. Nxe5 Nxe5 17. Ra4 Nc4 18.
Qd3+ Kg8 19. Bd2 Nxb2 20. Qd4 Bf6 21. Qb4 Nxa4 22. Qxa4 d4 23. Rd1 Qd5 24. Be3 e5 25. c4 Qf3 26. Nd2 Qe2 0-1

[Event "Late-Titled-Tuesday-Blitz-January-23-2024"]
[Site "Chess.com"]
[Date "2024.01.23"]
[Round "4"]
[White "DefiantChair"]
[Black "PapaieDudu"]
[Result "1-0"]
[WhiteElo "2587"]
[BlackElo "2414"]
[TimeControl "180+1"]
[EndTime "14:36:04 PST"]
[Termination "DefiantChair won by checkmate"]

1. e4 c5 2. Nf3 d6 3. d4 cxd4 4. Nxd4 Nf6 5. Nc3 a6 6. Bg5 e6 7.
f4 Nbd7 8. Qf3 Qc7 9. O-O-O b5 10. e5 Bb7 11. Qh3 dxe5 12. Nxe6 fxe6 13. Qxe6+ Be7 14.
Nxb5 axb5 15. Bxb5 Rd8 16. Rxd7 Rxd7 17. Rd1 Bc8 18.
fxe5 Ng8 19. Rf1 Kd8 20. Rf8# 1-0

[Event "Late-Titled-Tuesday-Blitz-January-23-2024"]
[Site "Chess.com"]
[Date "2024.01.23"]
[Round "4"]
[White "ItalianMachine"]
[Black "j_coca"]
[Result "0-1"]
[WhiteElo "2363"]
[BlackElo "2536"]
[TimeControl "180+1"]
[EndTime "14:36:04 PST"]
[Termination "j_coca won by resignation"]

1. e4 g6 2. d4 Bg7 3. Nc3 d6 4. Be3 Nh6 5. f3 f6 6. h4 O-O 7. h5 g5 8. Qd2 Nf7 9. O-O-O h6 10. g3 Nc6 11. f4 e5 12. d5 Ne7 13. Nf3 Bg4 14. Be2 Qc8 15. Rdf1 a6 16. Nd1 Qd7 17. Nf2 Bxf3 18. Bxf3 c5 19. Bg4 Qc7 20. Be6 Kh8 21. fxg5 Nxg5 22. Bxg5 fxg5 23. Ng4 Ng8 24.
Ne3 Nf6 25. Qg2 b5 26. Nf5 Rad8 27. Rf2 c4 28. Rhf1 Qc5 29. Nxh6 Qe3+ 30. Kb1 Bxh6 31. Rf3 Qxe4 32. a3 Kg7 33. Rxf6 Qxg2 34. Rg6+ Kh7 0-1

[Event "Late-Titled-Tuesday-Blitz-January-23-2024"]
[Site "Chess.com"]
[Date "2024.01.23"]
[Round "4"]
[White "NovakRatko"]
[Black "DanylaBagrov"]
[Result "0-1"]
[WhiteElo "2349"]
[BlackElo "2527"]
[TimeControl "180+1"]
[EndTime "14:36:20 PST"]
[Termination "DanylaBagrov won by resignation"]

1. d4 d6 2. c4 e5 3. dxe5 dxe5 4. Qxd8+ Kxd8 5. f4 Bd6 6. fxe5 Bxe5 7. Nf3 Bf6 8. Bg5 Be6 9. e4 Kc8 10. Nc3 Bxc3+ 11.
bxc3 Nd7 12. Nd4 Ne5 13. Nxe6 fxe6 14. O-O-O Nf6 15. Re1 Nfd7 16. g3 Nf3 17. Bd2 Nxe1 18. Bxe1 a5 19. Bh3 Ra6 20. Bf2 Rf8 21. Bd4 g6 22. c5 Rc6 23. a4 Kd8 24. e5 Nxc5 25.
Bg2 Nb3+ 26. Kb2 Nxd4 0-1

[Event "Late-Titled-Tuesday-Blitz-January-23-2024"]
[Site "Chess.com"]
[Date "2024.01.23"]
[Round "4"]
[White "KorolDimitriy75"]
[Black "thesupera12"]
[Result "0-1"]
[WhiteElo "2351"]
[BlackElo "2528"]
[TimeControl "180+1"]
[EndTime "14:36:22 PST"]
[Termination "thesupera12 won by resignation"]

1. d4 Nf6 2. c4 g6 3. Nc3 d5 4. cxd5 Nxd5 5. e4 Nxc3 6. bxc3 Bg7 7. Nf3 c5 8. Rb1 cxd4 9. cxd4 O-O 10. Be2 b6 11. O-O Bb7 12. Qd3 Nc6 13. d5 Ne5 14. Nxe5 Bxe5 15. Bh6 Bg7 16. Bxg7 Kxg7 17. f4 Rc8 18.
Bf3 Qd6 19. e5 Qc5+ 20. Rf2 Rfd8 21. Rd1 Bxd5 22. Bxd5 e6 23. Qf3 Rxd5 24. Rf1 Rd2 25. h3 Rxa2 26. Kh2 Rxf2 27. Rxf2 Rd8 28. Qg3 Rd3 29.
Qh4 Qd4 30. Qg5 Qd8 31. Qg4 a5 32. Rb2 a4 33. Qe2 a3 34. Rc2 Qd4 35. Qf1 Rd2 36.
Rc8 Rf2 37. Qc1 Qxf4+ 38. Qxf4 Rxf4 39. Ra8 Re4 40. Ra6 Rxe5 41. Rxa3 Rb5 42. Rb3 Rxb3 0-1

[Event "Late-Titled-Tuesday-Blitz-January-23-2024"]
[Site "Chess.com"]
[Date "2024.01.23"]
[Round "4"]
[White "greekplayer1"]
[Black "Atousa"]
[Result "1-0"]
[WhiteElo "2705"]
[BlackElo "2474"]
[TimeControl "180+1"]
[EndTime "14:36:24 PST"]
[Termination "greekplayer1 won by resignation"]

1. d4 Nf6 2. Nf3 d5 3. g3 e6 4. Bg2 c5 5. O-O cxd4 6. Nxd4 Be7 7. c4 Nc6 8. Nc3 O-O 9. Bf4 Bc5 10. Be3 Nxd4 11. Bxd4 Bxd4 12. Qxd4 dxc4 13. Qxc4 Qe7 14. Rfd1 a6 15. Rac1 b5 16. Qh4 Bb7 17. e4 e5 18.
g4 h6 19. h3 Rfd8 20. Qg3 Rd4 21.
Rxd4 exd4 22. Nd5 Nxd5 23. exd5 Rc8 24. Rd1 Qf6 25. Qd3 Rd8 26. Qxd4 Qxd4 27. Rxd4 Kf8 28. f4 Ke7 29. d6+ Kd7 30. Bxb7 1-0

[Event "Late-Titled-Tuesday-Blitz-January-23-2024"]
[Site "Chess.com"]
[Date "2024.01.23"]
[Round "4"]
[White "maurovargas01"]
[Black "VitaliyChayka"]
[Result "0-1"]
[WhiteElo "1838"]
[BlackElo "2441"]
[TimeControl "180+1"]
[EndTime "14:36:30 PST"]
[Termination "VitaliyChayka won by checkmate"]

1. e4 d6 2. f4 c5 3. Nf3 g6 4. Bb5+ Bd7 5. Bxd7+ Qxd7 6. d3 Nc6 7. O-O Bg7 8. c3 e6 9. Na3 Nge7 10. Nc4 b5 11. Ne3 d5 12. e5 O-O 13. d4 cxd4 14. Nxd4 Nxd4 15. Qxd4 Nc6 16. Qd1 d4 17. Ng4 Rfd8 18.
Qe1 h5 19. Nf6+ Bxf6 20. exf6 dxc3 21. bxc3 Qd5 22. Qh4 Qf5 23. Be3 Rd3 24. Rae1 Rad8 25. Bxa7 Nxa7 26. Re5 Qg4 27. Qf2 Rd2 28. Rg5 Rxf2 29.
Rxg4 Rxf1+ 30. Kxf1 hxg4 31. Kf2 Rd2+ 32. Kg3 Rxa2 33.
Kxg4 Rc2 34. g3 Rxc3 35. h4 b4 36. h5 gxh5+ 37. Kxh5 b3 38. g4 Rh3+ 39. Kg5 b2 40. f5 exf5 41. Kxf5 b1=Q+ 42. Kg5 Qb5+ 43. Kf4 Qc4+ 44.
Kg5 Qd5+ 45. Kf4 Rf3# 0-1

[Event "Late-Titled-Tuesday-Blitz-January-23-2024"]
[Site "Chess.com"]
[Date "2024.01.23"]
[Round "4"]
[White "Pawngobblerx2000"]
[Black "AlexOstrovskiy"]
[Result "1-0"]
[WhiteElo "2571"]
[BlackElo "2768"]
[TimeControl "180+1"]
[EndTime "14:36:33 PST"]
[Termination "Pawngobblerx2000 won on time"]

1. c4 b6 2. Nc3 Bb7 3. e4 e5 4. Nf3 Nc6 5. g3 Bc5 6. Bg2 d6 7. O-O Nge7 8. d3 O-O 9. a3 a5 10. Nd2 f5 11. exf5 Nxf5 12. Nde4 Bd4 13. Bg5 Qd7 14.
Bh3 Qf7 15. Nd5 Nd8 16. Ndf6+ gxf6 17. Nxf6+ Kh8 18. Bxf5 Ne6 19. h4 Nxg5 20. hxg5 e4 21. Bxe4 Bxe4 22. Nxe4 Bxb2 23. Ra2 Bd4 24. Qg4 Rae8 25.
Kg2 Qf5 26. Qh5 Qg6 27. Qh4 1-0

[Event "Late-Titled-Tuesday-Blitz-January-23-2024"]
[Site "Chess.com"]
[Date "2024.01.23"]
[Round "4"]
[White "Mikhal867"]
[Black "YurasovMat-2012"]
[Result "0-1"]
[WhiteElo "2421"]
[BlackElo "2590"]
[TimeControl "180+1"]
[EndTime "14:36:33 PST"]
[Termination "YurasovMat-2012 won by resignation"]

1. d4 d5 2. c4 c6 3. Nf3 Nf6 4. Nc3 dxc4 5. a4 Bf5 6. Ne5 e6 7.
f3 Bb4 8. e4 Bxe4 9. fxe4 Nxe4 10. Bd2 Qxd4 11. Nxe4 Qxe4+ 12. Qe2 Bxd2+ 13. Kxd2 Qd5+ 14. Kc2 Na6 15. Rd1 Qa5 16. Qxc4 Qxe5 17. Bd3 O-O 18. Rhe1 Qg5 19. h4 Qe7 20. Kb1 Rfd8 21. h5 Nb4 22. Be4 a5 23. h6 Qf6 24. hxg7 Qxg7 25. Rxd8+ Rxd8 26. Rh1 h6 27. Qc5 Rd2 28. Qc3 Qxc3 29. bxc3 Nd5 30. Bxd5 cxd5 31. Rxh6 Rxg2 32. Rh4 Kg7 33.
c4 dxc4 34. Rxc4 Rg5 35. Rc7 b5 36. axb5 Rxb5+ 37. Kc2 a4 38. Ra7 Rb4 39. Kc3 Rh4 40. Kd3 a3 41. Ke2 a2 42. Kf3 Rh2 43. Kg3 Rb2 44. Kg4 Kf6 45. Kf4 Kg6 46. Kg4 f5+ 47. Kf4 Kf6 48. Kf3 e5 49. Ke3 f4+ 50. Ke4 Rb4+ 51.
Kf3 Rb3+ 52. Ke4 Re3+ 53. Kd5 Re2 54. Ra8 Kf5 55. Rf8+ Kg4 56. Ra8 f3 57. Kc4 f2 0-1

[Event "Late-Titled-Tuesday-Blitz-January-23-2024"]
[Site "Chess.com"]
[Date "2024.01.23"]
[Round "4"]
[White "Alexei_Gubajdullin"]
[Black "platy3"]
[Result "0-1"]
[WhiteElo "2600"]
[BlackElo "2864"]
[TimeControl "180+1"]
[EndTime "14:36:36 PST"]
[Termination "platy3 won by resignation"]

1. Nf3 Nf6 2. g3 b5 3. Bg2 Bb7 4. O-O e6 5. b3 a5 6. a4 b4 7. Bb2 Be7 8. d3 O-O 9. e4 d5 10. e5 Nfd7 11. h4 c5 12. Nbd2 Nc6 13.
Re1 Qc7 14. Qe2 Rfc8 15. h5 h6 16. Nh2 Nd4 17. Bxd4 cxd4 18. Rac1 Qb6 19. Ng4 Rc6 20. Nf3 Rac8 21. Qd2 Bf8 22. Re2 Ba6 23. Ne1 Rc3 24. Rd1 Be7 25. f4 Nc5 26. Rf2 Qd8 27. Qe2 Qd7 28.
Nh2 Nxb3 29. cxb3 Rxb3 30. f5 Bg5 31. fxe6 fxe6 32. Kh1 Rbc3 33. Bh3 Rc1 34. Nhf3 Be3 35. Rf1 b3 36. Rxc1 Rxc1 37. Qb2 Rc3 38. Ng2 Bxd3 39. Nf4 Bxf4 40. Nxd4 Be4+ 41. Kg1 Be3+ 42. Kh2 Bxd4 0-1

[Event "Late-Titled-Tuesday-Blitz-January-23-2024"]
[Site "Chess.com"]
[Date "2024.01.23"]
[Round "4"]
[White "GMJustin"]
[Black "BozeKat"]
[Result "1-0"]
[WhiteElo "2340"]
[BlackElo "2011"]
[TimeControl "180+1"]
[EndTime "14:36:37 PST"]
[Termination "GMJustin won by resignation"]

1. d4 Nf6 2. c4 e6 3. Nc3 Bb4 4. e3 c5 5. Bd3 O-O 6. a3 Ba5 7.
Nf3 cxd4 8. exd4 d5 9. c5 Bxc3+ 10. bxc3 b6 11. cxb6 axb6 12. O-O Ba6 13. a4 Qc7 14.
Ba3 Rc8 15. Bb4 Ne4 16. Bxa6 Rxa6 17. Ra3 Nd6 18. Ne5 Nd7 19. Qd3 Nxe5 20. Qxa6 Nec4 21. Bxd6 Qxd6 22. Qxc8+ 1-0

[Event "Late-Titled-Tuesday-Blitz-January-23-2024"]
[Site "Chess.com"]
[Date "2024.01.23"]
[Round "4"]
[White "Bigfish1995"]
[Black "mightysmasher"]
[Result "1-0"]
[WhiteElo "3129"]
[BlackElo "2592"]
[TimeControl "180+1"]
[EndTime "14:36:39 PST"]
[Termination "Bigfish1995 won by checkmate"]

1. e4 e6 2. d4 d5 3. Nd2 dxe4 4. Nxe4 Nd7 5. Nf3 Ngf6 6. Nc3 c5 7. Bf4 cxd4 8.
Qxd4 Bc5 9. Qd2 O-O 10. O-O-O a6 11. g4 b5 12. g5 Ne8 13. Ne5 Ra7 14. Nc6 Qb6 15.
Nxa7 Qxa7 16. Ne4 Bb7 17. Bg2 Nb6 18. Be3 Bxe3 19. Qxe3 Nc7 20. Nf6+ gxf6 21. gxf6 Kh8 22. Rhg1 Ncd5 23. Bxd5 Nxd5 24. Qh6 Rg8 25. Rxg8+ Kxg8 26. Qg7# 1-0

[Event "Late-Titled-Tuesday-Blitz-January-23-2024"]
[Site "Chess.com"]
[Date "2024.01.23"]
[Round "4"]
[White "Bkmzzzzz"]
[Black "Harry_Rakkel"]
[Result "0-1"]
[WhiteElo "2416"]
[BlackElo "2698"]
[TimeControl "180+1"]
[EndTime "14:36:39 PST"]
[Termination "Harry_Rakkel won by resignation"]

1. e4 c6 2. d4 d5 3. Nc3 a6 4.
e5 Bf5 5. Bd3 Bxd3 6. Qxd3 e6 7.
f4 c5 8. Nf3 Nc6 9. O-O Nh6 10.
Ne2 cxd4 11. Nexd4 Rc8 12. c3 g6 13. Be3 Be7 14.
h3 Nf5 15. Nxf5 gxf5 16. Kh2 h5 17. g3 Na5 18. h4 Nc4 19. Bc1 Qc7 20. b3 Na5 21.
Bd2 Kf8 22. Rac1 Kg7 23. c4 dxc4 24. Bxa5 Qxa5 25. Rxc4 Qxa2+ 26. Kh3 Rhd8 27. Qc3 Qe2 28. Rc1 Rxc4 29. bxc4 Rd3 30. Ng1 Qg4+ 0-1

[Event "Late-Titled-Tuesday-Blitz-January-23-2024"]
[Site "Chess.com"]
[Date "2024.01.23"]
[Round "4"]
[White "rdarruda"]
[Black "rychessmaster1"]
[Result "0-1"]
[WhiteElo "2539"]
[BlackElo "2731"]
[TimeControl "180+1"]
[EndTime "14:36:44 PST"]
[Termination "rychessmaster1 won by resignation"]

1. Nf3 d5 2. d4 Nf6 3. c4 e6 4. e3 b6 5. Nc3 Bb7 6. Bd3 dxc4 7.
Bxc4 Be7 8. O-O O-O 9. Qe2 c5 10. Rd1 Qc8 11. b3 Nbd7 12. Bb2 cxd4 13. exd4 Re8 14.
Rac1 Qb8 15. Ne5 Bd6 16. Nb5 a6 17. Nxd6 Qxd6 18. h3 b5 19. Bd3 Rac8 20. Rxc8 Rxc8 21. Bb1 g6 22. Bc1 Nd5 23. Bd2 Nc3 24. Bxc3 Rxc3 25. Be4 Bxe4 26. Qxe4 Nxe5 27. Qxe5 Qxe5 28. dxe5 Rc2 29.
b4 Rxa2 30. Rd8+ Kg7 31. Ra8 g5 32. g4 Ra4 33. Kg2 Rxb4 34. Rxa6 Re4 0-1

[Event "Late-Titled-Tuesday-Blitz-January-23-2024"]
[Site "Chess.com"]
[Date "2024.01.23"]
[Round "4"]
[White "Mikhail_Bryakin"]
[Black "Siemba"]
[Result "1-0"]
[WhiteElo "2832"]
[BlackElo "2560"]
[TimeControl "180+1"]
[EndTime "14:36:47 PST"]
[Termination "Mikhail_Bryakin won by resignation"]

1. e4 c5 2. d4 cxd4 3. Qxd4 Nc6 4. Qd3 Nf6 5. Nc3 e5 6. Nf3 Bb4 7. Bd2 O-O 8. a3 Bxc3 9. Bxc3 d5 10. exd5 Qxd5 11. Qxd5 Nxd5 12. Bd2 Bg4 13. Bc4 Nb6 14.
Be2 e4 15. Ng1 Be6 16. Bd1 Rad8 17. Ne2 Rd7 18. Nf4 Bc4 19. Be3 Nd5 20. Nxd5 Rxd5 21. b3 Ba6 22. c4 Rd7 23. Bc2 b5 24. c5 b4 25. Bxe4 Nd4 26. axb4 Bb5 27. O-O-O Ne2+ 28. Kb2 Re7 29. Bd3 Bxd3 30. Rxd3 f5 31. c6 Rc8 32. b5 f4 33. Re1 fxe3 34. Rxe2 exf2 35. Rxf2 Re5 36.
Rfd2 Rxb5 37. Rd8+ Rxd8 38. Rxd8+ Kf7 39. c7 1-0

[Event "Late-Titled-Tuesday-Blitz-January-23-2024"]
[Site "Chess.com"]
[Date "2024.01.23"]
[Round "4"]
[White "underthebridge1999"]
[Black "djano"]
[Result "0-1"]
[WhiteElo "2395"]
[BlackElo "2693"]
[TimeControl "180+1"]
[EndTime "14:36:47 PST"]
[Termination "djano won by resignation"]

1. e4 c5 2. Nf3 Nc6 3. d4 cxd4 4. Nxd4 g6 5. Nc3 Bg7 6. Be3 Nf6 7. Bc4 O-O 8. Bb3 Re8 9. f3 e6 10. O-O d5 11. exd5 Nxd5 12. Nxd5 exd5 13. Bf2 Qg5 14. Kh1 Qh5 15. c3 Be5 16. f4 Bg4 17. Qd2 Bxd4 18. Bxd4 Re2 19. Qd3 Rae8 20. Qg3 Nxd4 21. cxd4 R8e3 22.
Rf3 Bxf3 23. gxf3 Rxf3 24. Qxg6+ hxg6 0-1